 Dungeon Sprint DCSS version 0.26-a0-665-gefeb406119 (webtiles) character file.

Game seed: 10378646533416542772

31697 jesuscristo the Severer (level 13, -8/134 HPs)
             Began as a Minotaur Berserker on Oct 15, 2020.
             Was a High Priest of Trog.
             Killed from afar by Lom Lobon (20 damage)
             ... with a tornado
             ... in the Dungeon (Sprint I: "Red Sonja").
             The game lasted 00:39:01 (4973 turns).

jesuscristo the Severer (Minotaur Berserker)        Turns: 4973, Time: 00:39:01

Health: -8/134     AC: 22    Str: 26 (29) XL:     13   Next: 27%
Magic:  4/4        EV: 22    Int:  1 (4)  God:    Trog [*****.]
Gold:   1055       SH:  0    Dex:  9 (11) Spells: 12/12 levels left

rFire    . . .     SeeInvis .   a - +2 executioner's axe (antimagic)
rCold    + . .     Faith    .   (shield currently unavailable)
rNeg     + . .     Spirit   .   u - +3 scale mail of the Eagle {rN+ MR+}
rPois    .         Reflect  .   (helmet restricted)
rElec    +         Harm     .   B - +1 cloak of Starlight {rElec rC+ EV+4 Stlth--}
rCorr    .         Rampage  .   m - +1 pair of gloves {Str+3}
MR       +++..     NoTele   +   x - +2 pair of boots {Fly}
Stlth    ..........             z - amulet of regeneration
HPRegen  1.72/turn              (no ring)
MPRegen  0.09/turn              (no ring)

@: mighty, lethally poisoned (-8 -> -59), silence, flying, regenerating, hasted
and slowed
A: retaliatory headbutt, horns 2, blink
a: Blink, Renounce Religion


You were in the Dungeon.
You worshipped Trog.
Trog was extremely pleased with you.
You visited 1 branch You collected 6148 gold pieces.
You spent 5093 gold pieces at shops.

Inventory:

Hand Weapons
 a - a +2 antimagic executioner's axe (weapon)
 b - a +5 battleaxe of flaming
 J - a +2 vorpal hand crossbow
Missiles
 c - 6 curare-tipped darts (quivered)
 D - 33 bolts
Armour
 j - a +1 ring mail of fire resistance
 m - a +1 pair of gloves of strength (worn)
 u - the +3 scale mail of the Eagle (worn) {rN+ MR+}
   (You found it in the Dungeon)

   It protects you from negative energy.
   It affects your resistance to hostile enchantments.
 v - the +0 cloak of Follow the Leader {rElec rCorr}
   (You bought it in a shop in the Dungeon)

   It insulates you from electricity.
   It provides partial protection from all sources of acid and corrosion.
 x - a +2 pair of boots of flying (worn)
 B - the +1 cloak of Starlight (worn) {rElec rC+ EV+4 Stlth--}
   (You bought it in a shop in the Dungeon)

   It affects your evasion (+4).
   It protects you from cold.
   It insulates you from electricity.
   It makes you much less stealthy.
 H - a +3 plate armour of cold resistance
 I - a +4 chain mail of poison resistance
Jewellery
 z - an amulet of regeneration (around neck)
Wands
 i - a wand of polymorph (2)
 w - a wand of flame (22)
 C - a wand of iceblast (9)
 K - a wand of disintegration (17)
Scrolls
 o - a scroll of immolation
 q - 3 scrolls of remove curse
 L - a scroll of fear
 M - 2 scrolls of magic mapping
 N - a scroll of enchant armour
 O - a scroll of brand weapon
 P - a scroll of holy word
Potions
 d - 3 potions of heal wounds
 e - 5 potions of haste
 f - 3 potions of magic
 g - 2 potions of berserk rage
 h - a potion of lignification
 l - 6 potions of curing
 t - a potion of mutation {unknown}
 y - a potion of stabbing
 A - a potion of flight {unknown}
Miscellaneous
 F - a box of beasts (3/3)


   Skills:
 - Level 17.6 Fighting
 * Level 20.6(21.1) Axes
   Level 8.7(16.0) Maces & Flails
 - Level 10.0 Crossbows
 - Level 16.8 Armour
 - Level 17.4 Dodging
 - Level 10.0 Evocations


You had 12 spell levels left.
You didn't know any spells.
Your spell library was empty.

Dungeon Overview and Level Annotations

Branches:
Dungeon (1/1)

Altars:
Cheibriados
Dithmenos
Elyvilon
Fedhas
Gozag
Hepliaklqana
Kikubaaqudgha
Makhleb
Nemelex Xobeh
Okawaru
Qazlal
Ru
Sif Muna
Trog
Uskayaw
Vehumet
Wu Jian
Xom
Yredelemnul
Zin
The Shining One
Jiyva
Lugonu

Shops:
D [*??(!([(}[*(*[*[:([*?

Annotations:
D Lom Lobon, Tiamat


Innate Abilities, Weirdness & Mutations

You reflexively headbutt those who attack you in melee.
You have a pair of horns on your head.
You can translocate small distances at will.


Message History

Unknown command.
You slice Lom Lobon!!
Lom Lobon's magic leaks into the air.
Lom Lobon is lightly wounded.
You are engulfed in dark miasma.
You are lethally poisoned!
You feel as though you will be slow longer.
You feel extremely sick.
* * * LOW HITPOINT WARNING * * *
Your ogre dies!
Your ogre's corpse disappears in a puff of smoke!
Lom Lobon falters for a moment.
* * * LOW HITPOINT WARNING * * *
You feel extremely sick.
* * * LOW HITPOINT WARNING * * *
Lom Lobon misses you. You furiously retaliate!
You headbutt Lom Lobon.
Unknown command.
You feel much better.
You are engulfed in raging winds.
* * * LOW HITPOINT WARNING * * *
You feel extremely sick.
You die...

..§#§#####...###....#.#≈≈≈##.....
..#§§#([.#####...####.#≈≈≈≈##..|.
.≈####.......).###§.§.#≈≈≈≈≈#####
≈≈##(.)....#####○§..####≈≈≈≈#≈≈≈(
≈###......##§§§§§§^§#..#'≈≈≈)≈≈.≈
## #)....##.§§°§§§§§#...##≈≈#≈≈≈≈
####.....#..^§§§§§§§#....######'#
∩∩############^§§&§§#....#≈≈≈≈≈≈≈
∩###≈≈≈≈≈≈≈≈.#§§@§§§#######≈≈≈(≈≈
## ###########§§§§§§§?[#:['..)≈≈≈
#..0..+,..§.§§§§°#.|').#......
##############################


You could see Lom Lobon (tornado).

Vanquished Creatures
  the Lernaean hydra (D)
  A golden dragon (D)
  A deep elf master archer (D)
  4 fire giants (D)
  A deep elf annihilator (D)
  A lorocyproca (D)
  A mummy priest (D)
  A hydra (D)
  2 centaur warriors (D)
  Sonja (D)
  A deep troll (D)
  7 unseen horrors (D)
  A lindwurm (D)
  2 oklob plants (D)
  A merfolk siren (D)
  A gargoyle (D)
  2 kobold demonologists (D)
  4 demonic crawlers (D)
  A hellwing (D)
  5 hornets (D)
  A slime creature (D)
  Sigmund (D)
  2 redbacks (D)
  A yak (D)
  13 hogs (D)
  3 floating eyes (D)
  7 necrophages (D)
  An ogre (D)
  8 jellies (D)
  Ijyb (D)
  A ball lightning (D)
  A ballistomycete spore (D)
79 creatures vanquished.

Vanquished Creatures (collateral kills)
  A shadow dragon (D)
  8 shining eyes (D)
  4 floating eyes (D)
13 creatures vanquished.

Vanquished Creatures (others)
  A merfolk siren (D)
  A gargoyle (D)
  3 ball lightnings (D)
  A ballistomycete spore (D)
6 creatures vanquished.

Grand Total: 98 creatures vanquished

Notes
Turn   | Place    | Note
-------+----------+-------------------------------------------
     0 | D        | jesuscristo the Minotaur Berserker began the quest for the
                  | Orb.
     0 | D        | Reached XP level 1. HP: 19/19 MP: 0/0
     1 | D        | Noticed Ijyb
    15 | D        | Killed Ijyb
    15 | D        | Reached skill level 5 in Fighting
    15 | D        | Reached skill level 5 in Axes
    15 | D        | Reached XP level 2. HP: 29/29 MP: 1/1
    47 | D        | Noticed an ogre
    53 | D        | Killed an ogre
    53 | D        | Reached skill level 7 in Axes
    53 | D        | Reached XP level 3. HP: 29/39 MP: 2/2
    53 | D        | Reached XP level 4. HP: 35/47 MP: 3/3
   207 | D        | Noticed Sigmund
   216 | D        | Killed Sigmund
   216 | D        | Reached ** piety under Trog
   216 | D        | Reached skill level 10 in Axes
   216 | D        | Reached skill level 5 in Armour
   216 | D        | Reached skill level 5 in Dodging
   216 | D        | Reached XP level 5. HP: 58/58 MP: 4/4
   216 | D        | Reached XP level 6. HP: 66/66 MP: 5/5
   262 | D        | Found an ornate altar of the Wu Jian Council.
   262 | D        | Found a shimmering blue altar of Sif Muna.
   264 | D        | Found a radiant altar of Vehumet.
   267 | D        | Reached skill level 10 in Fighting
   333 | D        | Found Ytee's Magic Scroll Emporium.
   333 | D        | Found an ancient bone altar of Kikubaaqudgha.
   333 | D        | Found a hazy altar of Hepliaklqana.
   333 | D        | Found a hide-covered altar of Uskayaw.
   333 | D        | Found a basalt altar of Yredelemnul.
   333 | D        | Found an opulent altar of Gozag.
   333 | D        | Found a snail-covered altar of Cheibriados.
   333 | D        | Found a sacrificial altar of Ru.
   333 | D        | Found a shadowy altar of Dithmenos.
   333 | D        | Noticed a yak
   345 | D        | Killed a yak
   345 | D        | Reached skill level 11 in Axes
   346 | D        | Found a stormy altar of Qazlal.
   346 | D        | Found a blossoming altar of Fedhas.
   346 | D        | Found a bloodstained altar of Trog.
   346 | D        | Found an iron altar of Okawaru.
   346 | D        | Found a glowing golden altar of the Shining One.
   346 | D        | Found a glowing silver altar of Zin.
   346 | D        | Found a white marble altar of Elyvilon.
   456 | D        | Found a sparkling altar of Nemelex Xobeh.
   460 | D        | Bought a scroll of blinking for 75 gold pieces
   476 | D        | Found a burning altar of Makhleb.
   476 | D        | Found a viscous altar of Jiyva.
   476 | D        | Found a shimmering altar of Xom.
   476 | D        | Found a corrupted altar of Lugonu.
   476 | D        | Noticed a slime creature
   482 | D        | Killed a slime creature
   482 | D        | Reached *** piety under Trog
   482 | D        | Reached XP level 7. HP: 74/74 MP: 6/6
   546 | D        | Noticed a kobold demonologist
   546 | D        | Noticed a kobold demonologist
   549 | D        | Reached skill level 12 in Axes
   554 | D        | Noticed a smoke demon
   556 | D        | Killed a kobold demonologist
   556 | D        | Reached skill level 13 in Axes
   567 | D        | Killed a kobold demonologist
   567 | D        | Reached **** piety under Trog
   567 | D        | Reached XP level 8. HP: 86/86 MP: 7/7
   618 | D        | Noticed a demonic crawler
   618 | D        | Noticed a demonic crawler
   618 | D        | Noticed a demonic crawler
   618 | D        | Noticed a demonic crawler
   623 | D        | Killed a demonic crawler
   630 | D        | Killed a demonic crawler
   630 | D        | Reached skill level 14 in Axes
   711 | D        | Killed a gargoyle
   848 | D        | Killed a demonic crawler
   849 | D        | Killed a demonic crawler
   849 | D        | Reached XP level 9. HP: 60/96 MP: 8/8
  1094 | D        | Noticed Sonja
  1103 | D        | Killed Sonja
  1103 | D        | Reached skill level 15 in Fighting
  1103 | D        | Reached skill level 15 in Axes
  1103 | D        | Reached skill level 10 in Armour
  1163 | D        | Found Usureics's Armour Boutique.
  1219 | D        | Noticed a deep troll
  1227 | D        | Killed a deep troll
  1272 | D        | Found Zameinot's Armour Emporium.
  1277 | D        | Bought a +2 cloak of stealth for 236 gold pieces
  1379 | D        | Noticed a centaur warrior
  1379 | D        | Noticed a centaur warrior
  1387 | D        | Killed a centaur warrior
  1387 | D        | Reached skill level 16 in Axes
  1387 | D        | Reached XP level 10. HP: 105/105 MP: 9/9
  1394 | D        | Killed a centaur warrior
  1394 | D        | Reached ***** piety under Trog
  1394 | D        | Reached skill level 10 in Dodging
  1515 | D        | Paralysed by a hornet for 2 turns
  1521 | D        | Reached skill level 17 in Axes
  1548 | D        | Noticed an oklob plant
  1558 | D        | Killed an oklob plant
  1688 | D        | Received a gift from Trog
  1707 | D        | Killed an unseen horror
  1715 | D        | Killed an unseen horror
  1715 | D        | Reached skill level 18 in Axes
  1715 | D        | Reached skill level 15 in Armour
  1721 | D        | Reached ****** piety under Trog
  1721 | D        | Received a gift from Trog
  1907 | D        | Got a polished scale mail
  1918 | D        | Identified the +3 scale mail of the Eagle {rN+ MR+} (You
                  | found it in the Dungeon)
  1926 | D        | Found Punedurph's Armour Shoppe.
  1926 | D        | Found Gekhanau's Weapon Shop.
  1926 | D        | Found Nokafog's Weapon Boutique.
  1928 | D        | Found Qisyrrem's Gadget Emporium.
  1928 | D        | Found Monningoi's Antique Armour Shop.
  1928 | D        | Found Vidan's General Store.
  1928 | D        | Found Pytwiboo's Antique Weapon Boutique.
  1928 | D        | Found Xazesot's General Store.
  1928 | D        | Found Wedwomuk's Armour Shop.
  1928 | D        | Found Qatuz's General Store.
  1929 | D        | Bought the +0 cloak of Follow the Leader {rElec rCorr} for
                  | 265 gold pieces
  1943 | D        | Found Iprur's Antique Armour Boutique.
  1944 | D        | Found Tugat's Antique Weapon Emporium.
  1944 | D        | Found Siqos's Book Boutique.
  1945 | D        | Found Soliasch's Assorted Antiques.
  1954 | D        | Bought a scroll labeled AME GURRUJADE for 25 gold pieces
  1954 | D        | Bought a scroll labeled YCYGED CEMNEUGH for 25 gold pieces
  1954 | D        | Bought a scroll labeled AME GURRUJADE for 25 gold pieces
  1954 | D        | Bought a scroll labeled AME GURRUJADE for 25 gold pieces
  2045 | D        | Bought a pair of runed gloves for 187 gold pieces
  2052 | D        | Bought a +2 pair of boots of flying for 236 gold pieces
  2062 | D        | Bought a potion of heal wounds for 50 gold pieces
  2062 | D        | Bought a potion of haste for 100 gold pieces
  2062 | D        | Bought a potion of curing for 30 gold pieces
  2122 | D        | Noticed a lindwurm
  2127 | D        | Killed a lindwurm
  2127 | D        | Reached XP level 11. HP: 104/112 MP: 10/10
  2140 | D        | Reached skill level 19 in Axes
  2152 | D        | Received a gift from Trog
  2268 | D        | Noticed a 12-headed hydra
  2270 | D        | Paralysed by a floating eye for 4 turns
  2595 | D        | Reached skill level 20 in Axes
  2606 | D        | Killed a 14-headed hydra
  2606 | D        | Received a gift from Trog
  2744 | D        | Noticed a deep elf annihilator
  2948 | D        | Noticed a shadow dragon
  2948 | D        | Noticed a golden dragon
  2962 | D        | Killed a shadow dragon
  2962 | D        | Reached skill level 15 in Dodging
  2995 | D        | Killed a golden dragon
  3059 | D        | Found Huohy's Magic Scroll Shoppe.
  3078 | D        | Bought a scroll of magic mapping for 38 gold pieces
  3160 | D        | Bought the +1 cloak of Starlight {rElec rC+ EV+4 Stlth--}
                  | for 1379 gold pieces
  3160 | D        | Found the +1 cloak of Starlight {rElec rC+ EV+4 Stlth--}
  3190 | D        | Bought a glowing hand crossbow for 130 gold pieces
  3277 | D        | Killed a deep elf annihilator
  3277 | D        | Received a gift from Trog
  3356 | D        | Reached skill level 5 in Crossbows
  3356 | D        | Reached XP level 12. HP: 111/119 MP: 11/11
  3382 | D        | Noticed a mummy priest
  3419 | D        | Killed a mummy priest
  3526 | D        | Noticed the 27-headed Lernaean hydra
  3534 | D        | Killed the 23-headed Lernaean hydra
  3534 | D        | Received a gift from Trog
  3534 | D        | Reached skill level 10 in Crossbows
  3534 | D        | Reached skill level 10 in Evocations
  3579 | D        | Noticed a deep elf master archer
  3588 | D        | Killed a deep elf master archer
  3689 | D        | Found the +7 sceptre of Torment {pain, torment}
  3927 | D        | Killed a lorocyproca
  3927 | D        | Reached skill level 5 in Maces & Flails
  4011 | D        | Bought a +3 plate armour of cold resistance for 495 gold
                  | pieces
  4056 | D        | Bought a +4 chain mail of poison resistance for 285 gold
                  | pieces
  4090 | D        | Gained mutation: You can translocate small distances at
                  | will. [a shining eye]
  4093 | D        | Received a gift from Trog
  4114 | D        | Found Moudd's Assorted Antiques.
  4114 | D        | Found Tiagam's Antique Weapon Shop.
  4114 | D        | Found Neudor's Magic Scroll Emporium.
  4114 | D        | Found Gifom's Distillery.
  4141 | D        | Bought a golden ring for 100 gold pieces
  4141 | D        | Bought a scroll of identify for 40 gold pieces
  4141 | D        | Bought a scroll labeled ZAUWUS ECKUZETT for 20 gold pieces
  4141 | D        | Bought a potion of heal wounds for 100 gold pieces
  4141 | D        | Bought a potion of curing for 60 gold pieces
  4172 | D        | Bought a puce potion for 18 gold pieces
  4172 | D        | Bought a ruby potion for 18 gold pieces
  4181 | D        | Bought a potion of heal wounds for 55 gold pieces
  4181 | D        | Bought a potion of haste for 110 gold pieces
  4181 | D        | Bought a potion of heal wounds for 55 gold pieces
  4181 | D        | Bought a potion of curing for 33 gold pieces
  4181 | D        | Bought a potion of heal wounds for 55 gold pieces
  4181 | D        | Bought 3 potions of haste for 330 gold pieces
  4181 | D        | Bought a potion of curing for 33 gold pieces
  4407 | D        | Noticed a daeva
  4427 | D        | Reached XP level 13. HP: 89/130 MP: 4/12
  4489 | D        | Noticed a fire giant
  4509 | D        | Killed a fire giant
  4509 | D        | Received a gift from Trog
  4521 | D        | Noticed a fire giant
  4533 | D        | Killed a fire giant
  4659 | D        | Noticed a fire giant
  4661 | D        | Noticed a fire giant
  4667 | D        | Killed a fire giant
  4669 | D        | Killed a fire giant
  4704 | D        | Identified the +4 dragonskin cloak
  4704 | D        | Noticed Tiamat
  4767 | D        | Bought a scroll of enchant armour for 75 gold pieces
  4767 | D        | Bought a scroll of brand weapon for 200 gold pieces
  4767 | D        | Bought a scroll of magic mapping for 35 gold pieces
  4767 | D        | Bought a scroll of holy word for 75 gold pieces
  4767 | D        | Bought a scroll of silence for 75 gold pieces
  4965 | D        | Noticed Lom Lobon
  4972 | D        | HP: 2/132 [Lom Lobon/tornado (16)]
  4973 | D        | Killed from afar by Lom Lobon

Illustrated notes

Levels and vault maps discovered:
D:        dungeon_sprint_1 [red_sonja_temple_1, red_sonja_temple_small_1]

Skill      XL: |  1  2  3  4  5  6  7  8  9 10 11 12 13 |
---------------+----------------------------------------+-----
Fighting       | 5 7 9 11 13 14 15 16 17 | 17.6
Axes           | 5 7 10 11 13 14 16 18 20 | 20.6
Armour         | 3 4 5 6 8 9 12 15 16 | 16.8
Dodging        | 3 4 5 6 7 8 9 12 15 16 17 | 17.4
Evocations     | 9 10 | 10.0
Crossbows      | 5 10 | 10.0
Maces & Flails | 8 |  8.7

Action                   |  1- 3 |  4- 6 |  7- 9 | 10-12 | 13-15 || total
-------------------------+-------+-------+-------+-------+-------++-------
Melee: Unarmed           |    10 |       |       |       |       ||    10
       Hand axe          |     6 |    24 |    62 |    74 |       ||   166
       Headbutt          |     2 |     4 |    13 |    54 |     4 ||    77
       Battleaxe         |       |       |       |    92 |       ||    92
       Broad axe         |       |       |       |    19 |       ||    19
       Executioner's axe |       |       |       |    12 |    15 ||    27
       Eveningstar       |       |       |       |     3 |       ||     3
 Fire: Hand crossbow     |       |       |       |     1 |       ||     1
Throw: Dart              |       |       |     1 |     1 |     2 ||     4
Invok: Berserk           |     2 |     4 |     5 |    10 |     2 ||    23
       Brothers in Arms  |       |       |     2 |     5 |     2 ||     9
       Trog's Hand       |       |       |     1 |     2 |     1 ||     4
Evoke: Wand              |       |       |       |     2 |       ||     2
       Box of beasts     |       |       |       |     3 |       ||     3
  Use: Scroll            |       |       |     1 |     9 |     2 ||    12
       Potion            |       |       |     1 |       |    11 ||    12
Armor: Ring mail         |     1 |     2 |    15 |    18 |       ||    36
       Scale mail        |       |       |       |   124 |     1 ||   125
       Plate armour      |       |       |       |    20 |       ||    20
       Skin              |       |       |       |       |     1 ||     1
Dodge: Dodged            |     5 |     4 |    30 |   170 |    10 ||   219

Table legend: (Time is in decaauts)
 A = Elapsed time spent in this place.
 B = Non-inter-level travel time spent in this place.
 C = Inter-level travel time spent in this place.
 D = Time resting spent in this place.
 E = Time spent auto-exploring this place.
 F = Levels seen in this place.
 G = Mean time per level.
                   A        B        C        D        E       F      G
               +--------+--------+--------+--------+--------+-----+--------+
         Total |   5078 |   4589 |    489 |   2506 |     63 |   1 | 5078.0 |
       Dungeon |   5078 |   4589 |    489 |   2506 |     63 |   1 | 5078.0 |
               +--------+--------+--------+--------+--------+-----+--------+

Top non-repeatable levels by time:
       D: 5078 daAuts
